 Dungeon Crawl Stone Soup version 0.24.1-14-gf8d2b509d9 (webtiles) character file.

Game seed: 4090630519314102784, levelgen mode: deterministic

76 cheechan the Charmwright (level 4, -10/30 HPs)
             Began as an Octopode Skald on Oct 19, 2021.
             Killed by divine providence
             ... invoked by an orc priest
              (13 damage)
             ... on level 4 of the Dungeon.
             The game lasted 00:06:27 (950 turns).

cheechan the Charmwright (Octopode Skald)            Turns: 950, Time: 00:06:28

Health: -10/30     AC:  1    Str: 10    XL:     4   Next: 32%
Magic:  4/7        EV: 13    Int: 15    God:
Gold:   56         SH:  5    Dex: 12    Spells: 6/7 levels left

rFire    . . .     SeeInvis .   a - +0 short sword
rCold    . . .     Gourm    .   d - +2 buckler
rNeg     . . .     Faith    .   (helmet restricted)
rPois    .         Spirit   .   b - amulet of regeneration
rElec    .         Reflect  .   l - ring of teleportation
rCorr    .         Harm     .   o - ring of stealth
MR       .....     Rnd*Tele +   (no ring)
Stlth    +++.......             (no ring)
HPRegen  0.50/turn              (no ring)
MPRegen  0.10/turn              (no ring)
                                (no ring)
                                (no ring)

@: no status effects
A: almost no armour, stealthy swim, amphibious, 8 rings, constrict 8, camouflage
1, gelatinous body 1
a: no special abilities


You were on level 4 of the Dungeon.
You were not hungry.

You visited 1 branch of the dungeon, and saw 3 of its levels.

You collected 56 gold pieces.

Inventory:

Hand Weapons
 a - a +0 short sword (weapon)
 i - a +1 spear of flaming
 n - a +0 dagger
Missiles
 e - 49 arrows
 h - 20 poisoned darts (quivered)
 m - 2 stones
Armour
 d - a +2 buckler (worn)
Jewellery
 b - an amulet of regeneration (around mantle)
 l - a ring of teleportation (left tentacle)
 o - a ring of stealth (right tentacle)
Scrolls
 k - a scroll of remove curse
Potions
 f - a potion of flight {unknown}
 g - a potion of lignification
 j - 2 potions of mutation
 p - 2 potions of curing
Comestibles
 c - a ration


   Skills:
 + Level 2.5 Fighting
 + Level 2.3 Short Blades
 + Level 2.7 Dodging
 + Level 0.5 Stealth
 + Level 0.3 Shields
 + Level 2.2 Spellcasting
 + Level 3.9 Charms


You had 6 spell levels left.
You knew the following spells:

 Your Spells              Type           Power        Failure   Level  Hunger
a - Infusion              Chrm           ##..         7%          1    #......

Your spell library contained the following spells:

 Spells                   Type           Power        Failure   Level  Hunger
 Song of Slaying          Chrm           ##......     11%         2    ###....
 Shroud of Golubria       Chrm/Tloc      #.....       24%         2    ###....
 Regeneration             Chrm/Necr      #.........   43%         3    ###....
 Spectral Weapon          Hex/Chrm       #.......     43%         3    ###....


Dungeon Overview and Level Annotations

Branches:
Dungeon (2/15)

Altars:
Gozag
Okawaru


Innate Abilities, Weirdness & Mutations

You cannot wear most types of armour.
You are very stealthy in the water. (Stealth+)
You are amphibious.
You can wear up to eight rings at the same time.
You can use your tentacles to constrict eight enemies at once.
Your skin changes colour to match your surroundings (Stealth+).
Your rubbery body absorbs attacks. (AC +1, EV +1)


Message History

Found a hunting sling.
The orc wizard casts a spell.
The orc wizard seems to speed up.
Found a glowing robe and a hunting sling.
Your magical infusion is running out.
The orc wizard hits you with a +0 dagger.
You see here a hunting sling.
The orc wizard points at you and mumbles some strange words.
The magic dart hits you!
You see here a glowing robe.
The orc wizard hits you but does no damage. x2
You are no longer magically infusing your attacks.
The orc wizard hits you with a +0 dagger.
The orc wizard casts a spell at you. The magic dart hits you!
* * * LOW HITPOINT WARNING * * *
The orc priest looks encouraged for a moment.
The orc priest mumbles some strange prayers to Beogh against you.
Beogh smites you!
You die...

##########.....#...
##.............#.
#................
####...............#
#........o..........
..##...............#
# #...).{l........#
#..[...o.)......#
##.....o.@.....#
##.....#.....##
#############


You could see an orc priest, an orc wizard, an orc and a frilled lizard.

Vanquished Creatures
  An orc wizard (D:4)
  2 adders (D:2)
  An ooze (D:2)
  A dart slug (D:2)
  A leopard gecko (D:1)
  A giant cockroach (D:2)
  5 goblins
  2 hobgoblins
  A kobold (D:2)
  A ball python (D:2)
  3 bats
  5 frilled lizards
  A rat (D:2)
25 creatures vanquished.

Notes
Turn   | Place    | Note
-------+----------+-------------------------------------------
     0 | D:1      | cheechan the Octopode Skald began the quest for the Orb.
     0 | D:1      | Reached XP level 1. HP: 14/14 MP: 3/3
   469 | D:1      | Found an iron altar of Okawaru.
   480 | D:1      | Reached XP level 2. HP: 9/20 MP: 0/5
   621 | D:2      | Reached XP level 3. HP: 25/25 MP: 6/6
   665 | D:2      | Found an opulent altar of Gozag.
   924 | D:2      | You fall into a shaft and drop 2 floors!
   928 | D:4      | Reached XP level 4. HP: 28/30 MP: 2/7
   950 | D:4      | Killed from afar by an orc priest

Levels and vault maps discovered:
D:1:      co_arrival_square_in_a_square_in_a_square, layout_basic,
          okawaru_ov_weapons_minmay
D:2:      layout_rooms, grunt_gozag_statues, minmay_pentomino_u2
D:4:      layout_rooms, grunt_temple_overflow_order_and_chaos_2,
          yredelemnul_forgotten_temple_becter, corexii_shack,
          hangedman_feature_mirror

Action                   |  1- 3 |  4- 6 || total
-------------------------+-------+-------++-------
Melee: Short sword       |    51 |       ||    51
       Constrict         |    11 |       ||    11
       Tentacles         |     7 |       ||     7
 Cast: Infusion          |     4 |       ||     4
  Use: Scroll            |     6 |       ||     6
 Stab: Sleeping          |     1 |       ||     1
Armor: Skin              |     2 |     1 ||     3
Dodge: Dodged            |    40 |     3 ||    43
Block: Buckler           |    11 |     3 ||    14
